 Dungeon Crawl Stone Soup version 0.17.2-1-ge4368a0 (webtiles) character file.

4608 Goblin1989 the Basher (level 10, -4/79 HPs)
             Began as a Mummy Fighter on Mar 2, 2018.
             Was an Initiate of Gozag.
             Killed by divine providence
             ... invoked by an orc priest
              (11 damage)
             ... on level 9 of the Dungeon.
             The game lasted 00:17:45 (7805 turns).

Goblin1989 the Basher (Mummy Fighter)               Turns: 7805, Time: 00:17:45

Health: -4/79      AC: 22    Str: 28    XL:     10   Next: 19%
Magic:  10/10      EV:  7    Int: 11    God:    Gozag
Gold:   508        SH: 11    Dex: 16    Spells: 1 memorised, 8 levels left

rFire  . . .     SeeInvis .     a - +1 flail
rCold  + + .     Clarity  .     h - +4 storm dragon armour
rNeg   + + +     SustAt   .     c - +0 shield
rPois  ∞         Gourm    .     t - +1 helmet
rElec  +         Spirit   .     u - +0 cloak
rCorr  +         Warding  .     r - +0 pair of gloves "Vacsameq" {Dex+4}
rMut   .         Stasis   .     g - +0 pair of boots
MR     +....                    (no amulet)
Stlth  ..........               w - +4 ring of intelligence
                                l - ring "Irafakhe" {rElec Slay+2}

@: mighty, resistant, flying, very slightly contaminated, hasted, very quick,
somewhat resistant to hostile enchantments, extremely unstealthy
A: no food or potions, fire vulnerability, cold resistance 1, negative energy
resistance 3, torment resistance, unbreathing
a: Potion Petition, Call Merchant, Bribe Branch, Renounce Religion


You were on level 9 of the Dungeon.
You worshipped Gozag.
Gozag was noncommittal.
You were not hungry.

You visited 2 branches of the dungeon, and saw 11 of its levels.

You collected 601 gold pieces.
You paid 93 gold pieces to Gozag.

Inventory:

Hand Weapons
 a - a +1 flail (weapon)
 i - the +9 halberd "Ryos" {chop, rPois rC- Int-3 Dex+7, unknown}
   (You found it on level 9 of the Dungeon)

   It inflicts extra damage upon your enemies.
   It affects your intelligence (-3).
   It affects your dexterity (+7).
   It makes you vulnerable to cold.
   It protects you from poison.
Missiles
 b - 2 curare-tipped needles
 d - 8 javelins
 Z - a throwing net (quivered) {!d, =f}
Armour
 c - a +0 shield (worn)
 g - a +0 pair of boots (worn)
 h - a +4 storm dragon armour (worn)
 r - the +0 pair of gloves "Vacsameq" (worn) {Dex+4}
   (You found it on level 5 of the Dungeon)

   It affects your dexterity (+4).
 t - a +1 helmet (worn)
 u - a +0 cloak (worn)
Jewellery
 l - the ring "Irafakhe" (left hand) {rElec Slay+2}
   (You found it on level 5 of the Dungeon)

   [ring of slaying]

   It affects your accuracy and damage with ranged weapons and melee attacks
   (+2).
   It insulates you from electricity.
 w - a +4 ring of intelligence (right hand)
Wands
 n - a wand of flame (11)
Scrolls
 e - a scroll of blinking {unknown}
 m - 4 scrolls of remove curse {@r2}
 o - a scroll of immolation
 p - a scroll of amnesia
 R - 7 scrolls of identify {@r1}
Books
 f - a book of Spatial Translocations

   Spells                             Type                      Level
   a - Apportation                    Translocation                1
   b - Blink                          Translocation                2
   c - Shroud of Golubria             Charms/Translocation         2
   d - Portal Projectile              Translocation                3
   e - Teleport Other                 Translocation                3
   f - Passage of Golubria            Translocation                4


   Skills:
 + Level 7.2 Fighting
 * Level 8.1 Maces & Flails
 + Level 6.1 Armour
 + Level 0.8 Dodging
 + Level 6.1 Shields


You had 8 spell levels left.
You knew the following spells:

 Your Spells              Type           Power        Failure   Level  Hunger
o - Apportation           Tloc           #.........   100%        1    N/A

Dungeon Overview and Level Annotations

Branches:
Dungeon (10/15)            Temple (1/1) D:6            Lair (0/8) D:8
    Orc: D:9-12

Altars:
Ashenzari
Cheibriados
Dithmenos
Elyvilon
Fedhas
Gozag
Kikubaaqudgha
Makhleb
Nemelex Xobeh
Okawaru
Qazlal
Ru
Sif Muna
Trog
Vehumet
Xom
Zin
The Shining One

Annotations:
D:7 Menkaure


Innate Abilities, Weirdness & Mutations

You do not eat or drink.
Your flesh is vulnerable to fire.
You are immune to poison.
Your flesh is cold resistant.
You are immune to negative energy.
You are immune to unholy pain and torment.
You can survive without breathing.


Message History

An orc comes into view. It is wielding a whip.
You barely miss the orc warrior.
The orc shouts!
The orc wizard hits you but does no damage.
Something hits you but does no damage. You block the orc wizard's attack.
You block its attack.
The orc warrior hits you with a hand axe!
An orc priest comes into view. It is wielding a dagger.
You take 21 damage, and have 58/79 hp.
O_OOPS!!
MASSIVE DAMAGE!!
Unknown command.
The orc priest shouts!
The orc priest mumbles some strange prayers to Beogh against you.
Something smites you!
You take 12 damage, and have 46/79 hp.
You hear some strange, mumbled words.
A puff of flame appears from out of thin air!
You block the puff of flame.
The orc wizard miscasts a cantrip.
You block its attack. Something hits you but does no damage.
You hear some strange, mumbled words.
A magic dart appears from out of thin air!
The magic dart hits you!
You hear some strange, mumbled words.
A puff of frost appears from out of thin air!
The puff of frost hits you!
A magic dart appears from out of thin air!
The magic dart hits you! You block its attack.
The orc wizard casts a spell at you. The magic dart hits you!
The orc wizard gestures at you while chanting.
The puff of frost hits you! You resist. Something hits you but does no damage.
You take 4 damage, and have 46/79 hp.
The orc priest miscasts a cantrip.
You see here a poisoned arrow.
The orc wizard barely misses you. Something hits you but does no damage.
The orc wizard gestures at you while chanting.
The puff of frost hits you! You resist. Something hits you but does no damage.
You take 2 damage, and have 44/79 hp.
The orc wizard hits you but does no damage.
Something hits you but does no damage.
An orc wizard appears from thin air!
Reactivating autopickup.
The orc wizard closely misses you. You block the orc wizard's attack.
The orc wizard casts a spell.
The orc wizard flickers and vanishes!
Deactivating autopickup; reactivate with Ctrl-A.
You can't drink.
Unknown command.
You miss the orc wizard.
The orc wizard hits you but does no damage. x2
You closely miss the orc wizard. The orc wizard casts a spell at you.
The puff of frost hits you!
You hit the orc wizard.
The orc wizard is lightly wounded.
The orc wizard gestures at you while chanting.
The puff of flame hits you! The fire burns you terribly!
* * * LOW HITPOINT WARNING * * *
The orc priest miscasts a cantrip.
You take 12 damage, and have 34/79 hp.
You sock the orc warrior!
The orc warrior is moderately wounded.
You block the orc warrior's attack.
You closely miss the orc warrior.
The orc warrior is moderately wounded.
The orc wizard is no longer moving quickly.
The orc wizard miscasts a cantrip.
The orc priest invokes the aid of Beogh against you.
Something smites you!
* * * LOW HITPOINT WARNING * * *
You block the orc warrior's attack.
You take 13 damage, and have 21/79 hp. [a] - 0 gold - haste, flight, resistance and might [b] - 0 gold - invisibility, agility and haste [c] - 0 gold - resistance and flight Purchase which effect?
You feel yourself speed up.
You feel very buoyant.
You fly up into the air.
You feel protected.
You feel very mighty all of a sudden.
The orc priest calls down the wrath of Beogh upon you.
Something smites you!
* * * LOW HITPOINT WARNING * * *
You are very lightly contaminated with residual magic.
You take 14 damage, and have 7/79 hp.
Your storm dragon armour prevents you from hitting the orc warrior.
The orc warrior is moderately wounded.
The orc warrior barely misses you.
The orc wizard gestures wildly while chanting.
The orc wizard seems to speed up.
Unknown command.
You closely miss the orc warrior.
The orc warrior is moderately wounded.
The orc priest invokes the aid of Beogh against you.
Something smites you!
You die...
Your body crumbles into a pile of gold. $ ██......█ █........██.█ █.......████.████...██.█ █............█ █......█ ██...██.███..█ █......█ █████████

█...██.█ █..█ █......█ ........█
█...██.█ █..█ █......█ ........█
█...██.█ █..█ █......█ ........█
█...██.█ █..█ █......█ ........█
█...██@█ █..█ █......█ ........█
█...██o█ █..█ █......█ ....o...█
█...██o█ █..█ █......█ ........█
█...██.█ █..█ █......█ ........█
█)..██o█ █..████......█
........███.).██o███............█
.........oo..o..o...............█
..........(....(.......████.....█
█............███.......█ █.█████


You could see an orc warrior, 2 orc priests, an orc wizard and an orc.

Vanquished Creatures
  A troll (D:9)
  A two-headed ogre (D:8)
  Grinder (D:4)
  Sigmund (D:6)
  A deep elf mage (D:5)
  Eustachio (D:4)
  A wraith (D:9)
  Duvessa (D:4)
  2 orc warriors
  2 phantoms
  A water moccasin (D:8)
  5 ogres
  A black bear (D:5)
  2 ice beasts (D:5)
  A sky beast (D:7)
  3 centaurs
  2 giant frogs (D:6)
  Dowan (D:4)
  7 killer bees
  A wyvern skeleton (D:8)
  2 crimson imps
  A quasit (D:7)
  6 orc wizards
  7 hounds
  3 iguanas
  An orc priest (D:4)
  A centaur skeleton (D:6)
  2 giant frog skeletons
  10 worker ants
  A worker ant zombie (D:6)
  11 adders
  4 gnolls
  An ooze (D:3)
  An adder skeleton (D:8)
  4 worms
  24 orcs
  3 giant cockroaches
  8 hobgoblins
  8 jackals
  9 quokkas
  2 ball pythons
  3 bats
  3 giant geckos
  A giant gecko skeleton (D:4)
  A giant gecko zombie (D:5)
  6 giant newts
  8 goblins
  A jackal skeleton (D:4)
  9 kobolds
  2 quokka zombies
  10 rats
189 creatures vanquished.

Vanquished Creatures (others)
  A scorpion (D:6)
  An orc wizard (D:5)
2 creatures vanquished.

Grand Total: 191 creatures vanquished

Notes
Turn   | Place    | Note
--------------------------------------------------------------
     0 | D:1      | Goblin1989 the Mummy Fighter began the quest for the Orb.
     0 | D:1      | Reached XP level 1. HP: 18/18 MP: 1/1
   140 | D:1      | Reached XP level 2. HP: 22/24 MP: 2/2
   692 | D:2      | Reached XP level 3. HP: 24/29 MP: 3/3
  1151 | D:2      | Found a burning altar of Makhleb.
  1169 | D:2      | Reached XP level 4. HP: 28/36 MP: 4/4
  1798 | D:3      | Reached XP level 5. HP: 42/42 MP: 5/5
  2086 | D:5      | Entered Level 5 of the Dungeon
  2309 | D:5      | Reached skill level 4 in Fighting
  2310 | D:5      | Got a transparent brass ring
  2316 | D:5      | Identified the ring "Irafakhe" {rElec Slay+2} (You found it on level 5 of the Dungeon)
  2335 | D:5      | Noticed an ice beast
  2344 | D:5      | Killed an ice beast
  2344 | D:5      | Reached XP level 6. HP: 41/48 MP: 6/6
  2599 | D:4      | Found a burning altar of Makhleb.
  2740 | D:4      | Noticed Duvessa
  2743 | D:4      | Noticed Dowan
  2750 | D:4      | Killed Duvessa
  2750 | D:4      | Reached XP level 7. HP: 43/55 MP: 7/7
  2761 | D:4      | Killed Dowan
  2967 | D:4      | Noticed Eustachio
  3517 | D:5      | Noticed an ice beast
  3518 | D:5      | Noticed a deep elf mage
  3522 | D:5      | Killed an ice beast
  3549 | D:5      | Killed a deep elf mage
  3549 | D:5      | Reached skill level 5 in Fighting
  3670 | D:5      | Got a pair of bloodstained gloves
  3676 | D:5      | Identified the +0 pair of gloves "Vacsameq" {Dex+4} (You found it on level 5 of the Dungeon)
  3685 | D:5      | Reached skill level 5 in Maces & Flails
  3693 | D:5      | Reached XP level 8. HP: 43/62 MP: 8/8
  3787 | D:5      | Noticed a phantom
  3817 | D:5      | Killed a phantom
  4386 | D:4      | Killed Eustachio
  4647 | D:4      | Noticed Grinder
  4650 | D:4      | Paralysed by Grinder for 4 turns
  4665 | D:4      | Killed Grinder
  4665 | D:4      | Reached skill level 6 in Maces & Flails
  5194 | D:6      | Reached skill level 5 in Shields
  5228 | D:6      | Reached skill level 5 in Armour
  5228 | D:6      | Reached XP level 9. HP: 50/69 MP: 9/9
  5297 | D:6      | Noticed Sigmund
  5434 | D:6      | Killed Sigmund
  5464 | D:6      | Found a staircase to the Ecumenical Temple.
  5474 | Temple   | Entered the Ecumenical Temple
  5862 | D:7      | Reached skill level 7 in Maces & Flails
  6082 | D:7      | You fall through a shaft for 3 floors!
  6082 | D:10     | Entered Level 10 of the Dungeon
  6089 | D:10     | Found an opulent altar of Gozag.
  6096 | D:10     | Noticed a centaur skeleton
  6097 | D:10     | Became a worshipper of Gozag Ym Sagoz the Greedy
  6143 | D:8      | Learned a level 1 spell: Apportation
  6343 | D:8      | Found a staircase to the Lair.
  6359 | D:7      | Noticed Menkaure
  6596 | D:8      | Found an opulent altar of Gozag.
  6752 | D:8      | Found a shattered altar of Ashenzari.
  6788 | D:8      | Found a snail-covered altar of Cheibriados.
  6788 | D:8      | Found a glowing silver altar of Zin.
  6789 | D:8      | Found a shadowy altar of Dithmenos.
  7369 | D:9      | Reached XP level 10. HP: 66/79 MP: 10/10
  7405 | D:9      | Reached skill level 8 in Maces & Flails
  7717 | D:9      | Got a scorched halberd
  7805 | D:9      | Killed from afar by an orc priest

Action                   |  1- 3 |  4- 6 |  7- 9 | 10-12 || total
-------------------------+-------+-------+-------+-------++-------
Melee: Flail             |   123 |   181 |   551 |    64 ||   919
Throw: Javelin           |       |     1 |       |       ||     1
       Throwing net      |       |     2 |       |       ||     2
Invok: Potion Petition   |       |       |       |     1 ||     1
  Use: Scroll            |       |       |    12 |       ||    12

Vault maps used:
D:1:      lemuel_arrival_broad_hall
D:2:      first_bread, makhleb_heckhound_becter
D:3:      hangedman_feature_mirror, guppyfry_early_lair_pool
D:4:      marbit_many_paths, uniq_eustachio, uniq_duvessa, uniq_grinder
D:6:      minmay_temple_entry_butterflies, uniq_sigmund
D:7:      basic_altar, uniq_menkaure
D:8:      kennysheep_blocky_hall, gammafunk_temple_overflow_claw,
          lemuel_crystal_altar, evilmike_ruin_ashenzari
D:9:      yredelemnul_forgotten_temple_becter, david_orc_5, david_nohive_1
D:10:     hangedman_feature_mirror
Temple:   zaba_magenta_temple_12
